 Dungeon Crawl Stone Soup version 0.30-a0-232-g7c5df11ecf (webtiles) character file.

Game seed: 9064305897592707367

5434 qw the Cleaver (level 10, 0/65 HPs)
             Began as a Gargoyle Fighter on Oct 9, 2022.
             Slain by a two-headed ogre
             ... wielding a +0 giant spiked club
              (5 damage)
             ... on level 7 of the Dungeon.
             The game lasted 00:04:07 (7593 turns).

qw the Cleaver (Gargoyle Fighter)                   Turns: 7593, Time: 00:04:07

Health: 0/65       AC: 22    Str: 31    XL:     10   Next: 68%
Magic:  10/10      EV:  9    Int:  8    God:
Gold:   180        SH:  4    Dex:  9    Spells: 9/9 levels left

rFire   . . .      SeeInvis .    f - +0 broad axe
rCold   . . .      Faith    .    c - +0 buckler
rNeg    + + .      Spirit   .    m - +0 chain mail
rPois   inf        Reflect  .    o - +0 helmet
rElec   +          Harm     .    j - +0 cloak
rCorr   .          Rampage  .    l - +1 pair of gloves
Will    .....                    (no boots)
Stlth   ..........               e - amulet of the Air {Inacc Air Fly rElec RMsl}
HPRegen 0.30/turn                h - ring of positive energy
MPRegen 0.12/turn                k - +6 ring of strength

@: about to teleport, flying, repel missiles
A: sickness immunity, AC +7, negative energy resistance 1, electricity
resistance, torment resistance 1, petrification resistance, talons 2, sense
surroundings 1, MP-powered wands
a: no special abilities


You were on level 7 of the Dungeon.
You visited 2 branches of the dungeon, and saw 8 of its levels.
You also visited: Ossuary.

You collected 546 gold pieces.
You spent 366 gold pieces at shops.


Innate Abilities, Weirdness & Mutations

You are immune to sickness and miasma.
Your stone body is resilient. (AC +7)
You are immune to poison.
You resist negative energy. (rN+)
You are resistant to electric shocks. (rElec)
You are resistant to unholy torment.
You are immune to petrification.
You have razor-sharp toenails.
You passively map a small area around you.
You expend magic power (3 MP) to strengthen your wands.


   Skills:
 + Level 8.4 Fighting
 - Level 11.0 Axes
 - Level 2.0 Throwing
 - Level 6.0 Armour
 - Level 2.3 Dodging
 - Level 5.3 Shields


You had 9 spell levels left.
You didn't know any spells.
Your spell library was empty.

Inventory:

Hand Weapons
 f - a +0 broad axe (weapon)
 q - a +0 morningstar
Missiles
 b - 2 boomerangs (quivered)
Armour
 c - a +0 buckler (worn)
 j - a +0 cloak (worn)
 l - a +1 pair of gloves (worn)
 m - a +0 chain mail (worn)
 o - a +0 helmet (worn)
Jewellery
 e - the amulet of the Air (around neck) {Inacc Air Fly rElec RMsl}
   (You found it on level 5 of the Dungeon)

   [amulet of nothing]

   It reduces the accuracy of all your attacks.
   It enhances your air magic.
   rElec:     It insulates you from electricity.
   Fly:       It grants you flight.
   RMsl:      It protects you from missiles.
 h - a ring of positive energy (left hand)
 k - a +6 ring of strength (right hand)
Scrolls
 g - 3 scrolls of identify
 i - 3 scrolls of teleportation
Potions
 a - 2 potions of lignification
 d - 2 potions of might
 n - 3 potions of attraction
 p - 5 potions of curing
 r - a potion of resistance
 s - a potion of mutation
 t - a potion of haste

Dungeon Overview and Level Annotations

Branches:
Dungeon (7/15)             Temple (1/1) D:7         Ossuary (visited)

Altars:
Ashenzari
Dithmenos
Elyvilon
Fedhas
Gozag
Hepliaklqana
Nemelex Xobeh
Qazlal
Ru
Sif Muna
Trog
Wu Jian
Yredelemnul
The Shining One

Shops:
D:2 *   D:6 ([[(


Message History

The wyvern bites you but does no damage.
You completely miss the wyvern. You claw the wyvern.
The wyvern is heavily wounded.
The wyvern bites you but does no damage.
You barely miss the wyvern. Your kick misses the wyvern.
The wyvern is heavily wounded.
The wyvern closely misses you.
The wyvern bites you but does no damage.
You closely miss the wyvern.
The wyvern is heavily wounded.
The wyvern bites you.
You slash the wyvern! Your kick misses the wyvern.
The wyvern is severely wounded.
The wyvern bites you but does no damage.
The wyvern bites you.
You miss the wyvern. You claw the wyvern, but do no damage.
The wyvern is severely wounded.
You block the wyvern's attack. x2
You slash the wyvern!
You kill the wyvern!
You slash the orc warrior!
The orc warrior is heavily wounded.
You barely miss the two-headed ogre. You claw the two-headed ogre.
The two-headed ogre is lightly wounded.
You slice the two-headed ogre!!
You claw the two-headed ogre, but do no damage.
The two-headed ogre is moderately wounded.
The two-headed ogre barely misses you.
The two-headed ogre hits you with a +0 giant club.
You closely miss the two-headed ogre. Your kick misses the two-headed ogre.
The two-headed ogre is moderately wounded.
The two-headed ogre hits you with a +0 giant spiked club!
The two-headed ogre hits you with a +0 giant club!
7592 ||| READING 4 scrolls of teleportation.
As you read the scroll of teleportation, it crumbles to dust.
You feel strangely unstable.
You slash the two-headed ogre! Your kick misses the two-headed ogre.
The two-headed ogre is severely wounded.
The two-headed ogre hits you with a +0 giant spiked club.
You die...

#....#......#..#...(.......#.....
.....#......'..'...........'..##.
.....#......#..#...........#..###
##..##......#.###################
.##....##'#####. ,#.....#.....#..
..#....#....# #) #.....#..%..#..
..#....#....# #o ,#..#..#(.#..#..
.##....#....# #O###..#.%#..#..#..
##.....#....# #.@....#.....#.....
.......#....###......#.....#.....
.......#......###################
.......######..................).
.......# #..................).
.......# #####################
######## ,.....#.....# .... #
*..J...#.....#.....
#.###..#..#/.#..#(.


You could see a two-headed ogre and an orc warrior.

Vanquished Creatures
  Prince Ribbit (D:7)
  5 yaks
  3 wyverns (D:7)
  A steam dragon (D:7)
  Menkaure (D:5)
  A water moccasin (D:7)
  3 ice beasts (D:7)
  5 sky beasts (D:7)
  A black bear (D:7)
  3 ogres
  5 centaurs
  A phantom (D:7)
  3 kobold brigands
  2 elf zombies (Ossuary)
  3 bullfrogs
  3 scorpions
  3 necrophages
  3 wights (D:7)
  4 killer bees (D:5)
  3 howler monkeys
  A centaur zombie (Ossuary)
  3 jellies
  A human zombie (Ossuary)
  5 orc priests
  2 iguanas
  5 orc wizards
  3 mummies (Ossuary)
  2 hound zombies (Ossuary)
  7 adders
  2 gnolls
  A shadow imp (D:6)
  An ufetubus (D:4)
  5 adder zombies (Ossuary)
  3 worms
  4 dart slugs
  43 orcs
  8 ball pythons
  10 endoplasms
  4 giant cockroaches
  3 gnoll zombies (Ossuary)
  9 goblins
  5 hobgoblins
  7 jackals
  7 quokkas
  4 bats
  3 frilled lizards
  2 goblin zombies (Ossuary)
  2 hobgoblin zombies (Ossuary)
  5 jackal zombies (Ossuary)
  15 kobolds
  4 kobold zombies (Ossuary)
  A quokka zombie (Ossuary)
  7 rats
  5 rat zombies (Ossuary)
243 creatures vanquished.

Notes
Turn   | Place    | Note
-------+----------+-------------------------------------------
     0 | D:1      | qw the Gargoyle Fighter began the quest for the Orb.
     0 | D:1      | Reached XP level 1. HP: 14/14 MP: 1/1
     0 | D:1      | 0 ||| qw: Version: 0.2-a-17-g06abaee
     0 | D:1      | 0 ||| qw: Game counter: 2312
     0 | D:1      | 0 ||| qw: Always use a shield: true
     0 | D:1      | 0 ||| qw: God list: Okawaru
     0 | D:1      | 0 ||| qw: Allow faded altars: false
     0 | D:1      | 0 ||| qw: Do Orc after D:15 true
     0 | D:1      | 0 ||| qw: Do second Lair branch before Depths: true
     0 | D:1      | 0 ||| qw: Lair rune preference: random
     0 | D:1      | 0 ||| qw: Plans: Normal, Zot:1-4, God:TSO, Crypt, Tomb,
                  | Pan, Slime:5, Hells, Abyss, Orb
     0 | D:1      | 0 ||| PLANNING D:1-11
   143 | D:1      | Reached skill level 2 in Axes
   226 | D:1      | Reached XP level 2. HP: 12/19 MP: 2/2
   375 | D:1      | Reached skill level 3 in Axes
   614 | D:1      | Reached XP level 3. HP: 23/23 MP: 3/3
   763 | D:1      | 763 ||| UPGRADING to ring of positive energy.
   764 | D:1      | 764 ||| READING scroll labelled QAFOBU YNUCHYRPH.
   765 | D:1      | 765 ||| READING scroll labelled ROAC PENKECKUO.
   766 | D:1      | 766 ||| READING scroll labelled KOAWKU GOKU.
   769 | D:1      | 769 ||| DRINKING 2 bubbling red potions.
   770 | D:1      | 770 ||| DROPPING potion of brilliance.
   801 | D:2      | 801 ||| STAIRDANCE
   826 | D:2      | Found a shimmering blue altar of Sif Muna.
   856 | D:2      | 856 ||| FLEEEEING.
   857 | D:2      | 857 ||| FLEEEEING.
   858 | D:2      | 858 ||| FLEEEEING.
   859 | D:2      | 859 ||| FLEEEEING.
   860 | D:2      | 860 ||| FLEEEEING.
   861 | D:2      | 861 ||| FLEEEEING.
   865 | D:2      | 865 ||| STAIRDANCE
  1007 | D:2      | Reached XP level 4. HP: 28/28 MP: 4/4
  1078 | D:2      | 1078 ||| Stepping ~*~*~tactically~*~*~ (stealth).
  1117 | D:2      | Reached skill level 4 in Axes
  1137 | D:2      | Found Biladghoc's General Store.
  1156 | D:2      | 1156 ||| SHOPLISTING potion of cancellation (112 gold, have
                  | 95).
  1156 | D:2      | 1156 ||| BUYING potion of heal wounds (70 gold).
  1156 | D:2      | Bought a potion of heal wounds for 70 gold pieces
  1156 | D:2      | 1156 ||| SHOPLISTING potion of heal wounds (70 gold, have
                  | 25).
  1156 | D:2      | 1156 ||| SHOPLISTING potion of mutation (112 gold, have
                  | 25).
  1156 | D:2      | 1156 ||| SHOPLISTING scroll of teleportation (42 gold, have
                  | 25).
  1208 | D:2      | 1208 ||| Stepping ~*~*~tactically~*~*~ (hiding).
  1357 | D:2      | 1357 ||| Stepping ~*~*~tactically~*~*~ (stealth).
  1690 | D:2      | 1690 ||| READING 2 scrolls labelled FIASCH PUIWKUEDGH.
  1691 | D:2      | 1691 ||| READING 3 scrolls labelled WAPSIN EZOZABRAL.
  1692 | D:2      | 1692 ||| READING 2 scrolls labelled ZIQAROLERAE.
  1693 | D:2      | 1693 ||| DRINKING 2 fizzy amethyst potions.
  1693 | D:2      | Gained mutation: You have sharp toenails. [potion of
                  | mutation]
  1693 | D:2      | Gained mutation: You have supernaturally acute eyesight.
                  | (SInv) [potion of mutation]
  1693 | D:2      | Gained mutation: You sometimes lose your temper in combat.
                  | [potion of mutation]
  1693 | D:2      | Gained mutation: You have hidden genetic potential. [potion
                  | of mutation]
  1694 | D:2      | 1694 ||| DRINKING potion of mutation.
  1694 | D:2      | Lost mutation: You sometimes lose your temper in combat.
                  | [potion of mutation]
  1694 | D:2      | Lost mutation: You have supernaturally acute eyesight.
                  | (SInv) [potion of mutation]
  1694 | D:2      | Lost mutation: You have sharp toenails. [potion of
                  | mutation]
  1694 | D:2      | Gained mutation: You have sharp toenails. [potion of
                  | mutation]
  1694 | D:2      | Gained mutation: You have razor-sharp toenails. [potion of
                  | mutation]
  1695 | D:2      | 1695 ||| DRINKING 2 clear potions.
  1696 | D:2      | 1696 ||| DROPPING 2 scrolls of immolation.
  1697 | D:2      | 1697 ||| DROPPING scroll of amnesia.
  1765 | D:3      | Reached XP level 5. HP: 32/32 MP: 5/5
  1795 | D:3      | 1795 ||| Stepping ~*~*~tactically~*~*~ (hiding).
  1843 | D:3      | 1843 ||| Stepping ~*~*~tactically~*~*~ (stealth).
  1844 | D:3      | 1844 ||| Stepping ~*~*~tactically~*~*~ (stealth).
  1882 | D:3      | 1882 ||| Stepping ~*~*~tactically~*~*~ (stealth).
  1884 | D:3      | 1884 ||| Stepping ~*~*~tactically~*~*~ (stealth).
  1888 | D:3      | Found a sacrificial altar of Ru.
  1890 | D:3      | 1890 ||| Stepping ~*~*~tactically~*~*~ (hiding).
  1893 | D:3      | 1893 ||| Stepping ~*~*~tactically~*~*~ (hiding).
  1918 | D:3      | Gained mutation: You passively map a small area around you.
                  | [hidden potential]
  1971 | D:3      | Reached skill level 5 in Axes
  2173 | D:3      | Found a broken altar of Ashenzari.
  2192 | D:3      | Found a basalt altar of Yredelemnul.
  2411 | D:3      | 2411 ||| Stepping ~*~*~tactically~*~*~ (stealth).
  2425 | D:3      | 2425 ||| Stepping ~*~*~tactically~*~*~ (stealth).
  2506 | D:3      | 2506 ||| READING scroll labelled YTAOLO VOMUG.
  2507 | D:3      | 2507 ||| READING scroll labelled LUPUIC AVES.
  2508 | D:3      | 2508 ||| DRINKING 2 silvery potions.
  2559 | D:3      | 2559 ||| READING scroll labelled DOSOK PUAXOH.
  2560 | D:3      | 2560 ||| DRINKING 3 ruby potions.
  2561 | D:3      | 2561 ||| DROPPING potion of berserk rage.
  2651 | D:4      | Reached XP level 6. HP: 23/39 MP: 6/6
  2962 | D:4      | Reached skill level 1 in Dodging
  2971 | D:4      | Gained mutation: You expend magic power (3 MP) to
                  | strengthen your wands. [hidden potential]
  2971 | D:4      | Lost mutation: You have hidden genetic potential. [hidden
                  | potential expressed]
  3123 | D:4      | 3123 ||| Stepping ~*~*~tactically~*~*~ (stealth).
  3126 | D:4      | 3126 ||| Stepping ~*~*~tactically~*~*~ (stealth).
  3127 | D:4      | 3127 ||| Stepping ~*~*~tactically~*~*~ (stealth).
  3137 | D:4      | 3137 ||| FLEEEEING.
  3138 | D:4      | 3138 ||| FLEEEEING.
  3139 | D:4      | 3139 ||| FLEEEEING.
  3140 | D:4      | 3140 ||| FLEEEEING.
  3141 | D:4      | 3141 ||| FLEEEEING.
  3142 | D:4      | 3142 ||| FLEEEEING.
  3143 | D:4      | 3143 ||| FLEEEEING.
  3144 | D:4      | 3144 ||| FLEEEEING.
  3145 | D:4      | 3145 ||| FLEEEEING.
  3146 | D:4      | 3146 ||| FLEEEEING.
  3147 | D:4      | 3147 ||| FLEEEEING.
  3148 | D:4      | 3148 ||| FLEEEEING.
  3149 | D:4      | 3149 ||| FLEEEEING.
  3150 | D:4      | 3150 ||| FLEEEEING.
  3151 | D:4      | 3151 ||| FLEEEEING.
  3153 | D:4      | 3153 ||| FLEEEEING.
  3154 | D:4      | 3154 ||| FLEEEEING.
  3155 | D:4      | 3155 ||| FLEEEEING.
  3157 | D:4      | 3157 ||| FLEEEEING.
  3158 | D:4      | 3158 ||| FLEEEEING.
  3159 | D:4      | 3159 ||| FLEEEEING.
  3160 | D:4      | 3160 ||| FLEEEEING.
  3161 | D:4      | 3161 ||| FLEEEEING.
  3264 | D:4      | 3264 ||| DROPPING +2 whip of electrocution.
  3333 | D:4      | 3333 ||| DRINKING 3 puce potions.
  3334 | D:4      | 3334 ||| READING 2 scrolls of identify.
  3334 | D:4      | 3334 ||| IDENTIFYING fizzy yellow potion
  3335 | D:4      | 3335 ||| DROPPING 2 potions of flight.
  3359 | D:5      | Entered Level 5 of the Dungeon
  3360 | D:5      | 3360 ||| PLANNING OSSUARY
  3376 | D:5      | Reached XP level 7. HP: 35/44 MP: 7/7
  3417 | D:5      | Noticed Menkaure
  3418 | D:5      | 3418 ||| Stepping ~*~*~tactically~*~*~ (hiding).
  3427 | D:5      | Killed Menkaure
  3428 | D:5      | Reached skill level 6 in Axes
  3452 | D:5      | 3452 ||| FLEEEEING.
  3453 | D:5      | 3453 ||| FLEEEEING.
  3455 | D:5      | 3455 ||| Stepping ~*~*~tactically~*~*~ (stealth).
  3457 | D:5      | 3457 ||| FLEEEEING.
  3458 | D:5      | 3458 ||| FLEEEEING.
  3459 | D:5      | 3459 ||| FLEEEEING.
  3463 | D:5      | 3463 ||| STAIRDANCE
  3693 | D:5      | Reached skill level 7 in Axes
  3743 | D:5      | Found a sand-covered staircase.
  3744 | D:5      | 3744 ||| UPGRADING to +6 ring of strength.
  3745 | D:5      | 3745 ||| READING scroll labelled IHUXOU ETOTEN.
  3754 | Ossuary  | Entered an ossuary
  3977 | Ossuary  | Reached XP level 8. HP: 46/49 MP: 8/8
  4069 | Ossuary  | 4069 ||| Stepping ~*~*~tactically~*~*~ (stealth).
  4070 | Ossuary  | 4070 ||| Stepping ~*~*~tactically~*~*~ (stealth).
  4077 | Ossuary  | 4077 ||| Stepping ~*~*~tactically~*~*~ (stealth).
  4250 | Ossuary  | 4250 ||| DRINKING 2 grey potions.
  4251 | Ossuary  | 4251 ||| READING 2 scrolls of identify.
  4251 | Ossuary  | 4251 ||| IDENTIFYING smoky grey potion
  4252 | Ossuary  | 4252 ||| DROPPING potion of degeneration.
  4253 | Ossuary  | 4253 ||| DROPPING potion of ambrosia.
  4264 | D:5      | 4264 ||| PLANNING D:1-11
  4283 | D:5      | 4283 ||| Stepping ~*~*~tactically~*~*~ (stealth).
  4294 | D:5      | Reached skill level 8 in Axes
  4469 | D:5      | 4469 ||| Stepping ~*~*~tactically~*~*~ (stealth).
  4471 | D:5      | 4471 ||| Stepping ~*~*~tactically~*~*~ (hiding).
  4475 | D:5      | Noticed a yak
  4477 | D:5      | Noticed a yak
  4478 | D:5      | Noticed a yak
  4480 | D:5      | Noticed a yak
  4483 | D:5      | Reached skill level 6 in Fighting
  4490 | D:5      | Killed a yak
  4490 | D:5      | HP: 12/51 [yak (7)]
  4490 | D:5      | HP: 4/51 [yak (3)]
  4491 | D:5      | 4491 ||| READING 5 scrolls of teleportation.
  4492 | D:5      | 4492 ||| DRINKING 3 potions of heal wounds.
  4494 | D:5      | 4494 ||| DRINKING 2 potions of heal wounds.
  4495 | D:5      | Killed a yak
  4500 | D:5      | Killed a yak
  4501 | D:5      | Reached skill level 9 in Axes
  4501 | D:5      | Reached XP level 9. HP: 15/55 MP: 9/9
  4501 | D:5      | HP: 12/55 [yak (4)]
  4502 | D:5      | 4502 ||| READING 4 scrolls of teleportation.
  4502 | D:5      | HP: 4/55 [yak (8)]
  4503 | D:5      | 4503 ||| DRINKING potion of heal wounds.
  4505 | D:5      | Found the amulet of the Air {Inacc Air Fly rElec RMsl}
  4666 | D:5      | 4666 ||| Stepping ~*~*~tactically~*~*~ (stealth).
  4670 | D:5      | 4670 ||| FLEEEEING.
  4671 | D:5      | 4671 ||| FLEEEEING.
  4675 | D:5      | 4675 ||| FLEEEEING.
  4676 | D:5      | 4676 ||| STAIRDANCE
  4717 | D:4      | 4717 ||| UPGRADING to amulet of the Air {Inacc Air Fly
                  | rElec RMsl}.
  4722 | D:4      | 4722 ||| READING 2 scrolls of identify.
  4722 | D:4      | 4722 ||| IDENTIFYING sedimented silvery potion
  4729 | D:5      | 4729 ||| DROPPING +0 flail.
  4854 | D:5      | 4854 ||| Stepping ~*~*~tactically~*~*~ (hiding).
  5165 | D:5      | 5165 ||| UPGRADING to +0 cloak.
  5170 | D:5      | 5170 ||| UPGRADING to +1 pair of gloves.
  5194 | D:6      | Found Dewazxit's Antique Armour Shoppe.
  5202 | D:6      | 5202 ||| Stepping ~*~*~tactically~*~*~ (hiding).
  5323 | D:6      | 5323 ||| BUYING chain mail (148 gold).
  5323 | D:6      | Bought a chain mail for 148 gold pieces
  5323 | D:6      | 5323 ||| SHOPLISTING embroidered scarf (264 gold, have
                  | 207).
  5323 | D:6      | 5323 ||| BUYING helmet (148 gold).
  5323 | D:6      | Bought a helmet for 148 gold pieces
  5323 | D:6      | 5323 ||| SHOPLISTING pair of boots (148 gold, have 59).
  5323 | D:6      | 5323 ||| SHOPLISTING pair of runed gloves (247 gold, have
                  | 59).
  5323 | D:6      | 5323 ||| SHOPLISTING plate armour (759 gold, have 59).
  5323 | D:6      | 5323 ||| SHOPLISTING shiny plate armour (858 gold, have
                  | 59).
  5346 | D:6      | Found Iqooniq's Antique Weapon Boutique.
  5351 | D:6      | 5351 ||| Stepping ~*~*~tactically~*~*~ (stealth).
  5352 | D:6      | 5352 ||| Stepping ~*~*~tactically~*~*~ (stealth).
  5353 | D:6      | 5353 ||| Stepping ~*~*~tactically~*~*~ (stealth).
  5382 | D:6      | 5382 ||| DROPPING +1 vorpal flail.
  5388 | D:6      | 5388 ||| SHOPLISTING crystal war axe (263 gold, have 59).
  5416 | D:6      | 5416 ||| Stepping ~*~*~tactically~*~*~ (stealth).
  5440 | D:6      | 5440 ||| Stepping ~*~*~tactically~*~*~ (hiding).
  5448 | D:6      | 5448 ||| FLEEEEING.
  5450 | D:6      | 5450 ||| FLEEEEING.
  5451 | D:6      | 5451 ||| FLEEEEING.
  5454 | D:6      | 5454 ||| FLEEEEING.
  5455 | D:6      | 5455 ||| FLEEEEING.
  5456 | D:6      | 5456 ||| FLEEEEING.
  5457 | D:6      | 5457 ||| FLEEEEING.
  5458 | D:6      | 5458 ||| FLEEEEING.
  5459 | D:6      | 5459 ||| FLEEEEING.
  5460 | D:6      | 5460 ||| FLEEEEING.
  5461 | D:6      | 5461 ||| FLEEEEING.
  5462 | D:6      | 5462 ||| FLEEEEING.
  5463 | D:6      | 5463 ||| FLEEEEING.
  5464 | D:6      | 5464 ||| FLEEEEING.
  5465 | D:6      | 5465 ||| FLEEEEING.
  5466 | D:6      | 5466 ||| FLEEEEING.
  5468 | D:6      | 5468 ||| FLEEEEING.
  5471 | D:6      | 5471 ||| FLEEEEING.
  5475 | D:6      | 5475 ||| FLEEEEING.
  5476 | D:6      | 5476 ||| FLEEEEING.
  5477 | D:6      | 5477 ||| FLEEEEING.
  5478 | D:6      | 5478 ||| FLEEEEING.
  5479 | D:6      | 5479 ||| FLEEEEING.
  5480 | D:6      | 5480 ||| FLEEEEING.
  5481 | D:6      | 5481 ||| FLEEEEING.
  5482 | D:6      | 5482 ||| FLEEEEING.
  5538 | D:6      | 5538 ||| Stepping ~*~*~tactically~*~*~ (stealth).
  5540 | D:6      | 5540 ||| Stepping ~*~*~tactically~*~*~ (hiding).
  5595 | D:6      | 5595 ||| Stepping ~*~*~tactically~*~*~ (stealth).
  5596 | D:6      | 5596 ||| Stepping ~*~*~tactically~*~*~ (stealth).
  5635 | D:6      | Reached skill level 1 in Throwing
  5698 | D:6      | Found Qaimmoash's Antique Armour Emporium.
  5706 | D:6      | 5706 ||| SHOPLISTING glowing chain mail (157 gold, have
                  | 73).
  5706 | D:6      | 5706 ||| SHOPLISTING masterwork ring mail (189 gold, have
                  | 73).
  5706 | D:6      | 5706 ||| SHOPLISTING runed scale mail (147 gold, have 73).
  5732 | D:6      | Found Daziukae's Weapon Shoppe.
  5878 | D:6      | 5878 ||| SWAPPING to +0 broad axe.
  5879 | D:6      | 5879 ||| DROPPING +0 war axe.
  5979 | D:6      | 5979 ||| UPGRADING to +0 chain mail.
  5989 | D:6      | 5989 ||| DROPPING +0 scale mail.
  5990 | D:6      | 5990 ||| UPGRADING to +0 helmet.
  5995 | D:6      | 5995 ||| READING 4 scrolls of identify.
  5995 | D:6      | 5995 ||| IDENTIFYING smoky silvery potion
  6024 | D:7      | Found a white marble altar of Elyvilon.
  6122 | D:7      | 6122 ||| Stepping ~*~*~tactically~*~*~ (hiding).
  6125 | D:7      | 6125 ||| Stepping ~*~*~tactically~*~*~ (hiding).
  6127 | D:7      | 6127 ||| Stepping ~*~*~tactically~*~*~ (hiding).
  6152 | D:7      | Found an opulent altar of Gozag.
  6206 | D:7      | Reached skill level 10 in Axes
  6212 | D:7      | Noticed Prince Ribbit
  6217 | D:7      | Killed Prince Ribbit
  6256 | D:7      | Reached XP level 10. HP: 64/64 MP: 10/10
  6349 | D:7      | Found a staircase to the Ecumenical Temple.
  6350 | D:7      | 6350 ||| PLANNING TEMPLE
  6358 | Temple   | Entered the Ecumenical Temple
  6448 | Temple   | 6448 ||| PLANNING D:1-11
  6548 | D:7      | Reached skill level 6 in Armour
  6556 | D:7      | 6556 ||| Stepping ~*~*~tactically~*~*~ (stealth).
  6627 | D:7      | 6627 ||| FLEEEEING.
  6628 | D:7      | 6628 ||| FLEEEEING.
  6630 | D:7      | 6630 ||| Stepping ~*~*~tactically~*~*~ (hiding).
  6890 | D:7      | 6890 ||| Stepping randomly (stuck).
  6892 | D:7      | 6892 ||| Stepping randomly (stuck).
  6893 | D:7      | 6893 ||| Stepping randomly (stuck).
  6894 | D:7      | 6894 ||| Stepping randomly (stuck).
  6896 | D:7      | 6896 ||| Stepping randomly (stuck).
  6897 | D:7      | 6897 ||| Stepping randomly (stuck).
  6898 | D:7      | 6898 ||| Stepping randomly (stuck).
  6899 | D:7      | 6899 ||| Stepping randomly (stuck).
  6900 | D:7      | 6900 ||| Stepping randomly (stuck).
  6901 | D:7      | 6901 ||| Stepping randomly (stuck).
  6902 | D:7      | 6902 ||| Stepping randomly (stuck).
  6903 | D:7      | 6903 ||| Stepping randomly (stuck).
  6904 | D:7      | 6904 ||| Stepping randomly (stuck).
  6905 | D:7      | 6905 ||| Stepping randomly (stuck).
  6906 | D:7      | 6906 ||| Stepping randomly (stuck).
  6907 | D:7      | 6907 ||| Stepping randomly (stuck).
  6908 | D:7      | 6908 ||| Stepping randomly (stuck).
  6928 | D:7      | 6928 ||| FLEEEEING.
  6929 | D:7      | 6929 ||| FLEEEEING.
  6930 | D:7      | 6930 ||| FLEEEEING.
  6931 | D:7      | 6931 ||| FLEEEEING.
  6932 | D:7      | 6932 ||| FLEEEEING.
  6933 | D:7      | 6933 ||| FLEEEEING.
  6934 | D:7      | 6934 ||| FLEEEEING.
  6935 | D:7      | 6935 ||| FLEEEEING.
  6936 | D:7      | 6936 ||| FLEEEEING.
  6937 | D:7      | 6937 ||| FLEEEEING.
  6938 | D:7      | 6938 ||| FLEEEEING.
  6939 | D:7      | 6939 ||| FLEEEEING.
  6940 | D:7      | 6940 ||| FLEEEEING.
  6941 | D:7      | 6941 ||| FLEEEEING.
  6942 | D:7      | 6942 ||| FLEEEEING.
  6943 | D:7      | 6943 ||| FLEEEEING.
  6944 | D:7      | 6944 ||| FLEEEEING.
  6945 | D:7      | 6945 ||| FLEEEEING.
  6946 | D:7      | 6946 ||| FLEEEEING.
  6947 | D:7      | 6947 ||| FLEEEEING.
  7479 | D:7      | 7479 ||| Stepping ~*~*~tactically~*~*~ (hiding).
  7514 | D:7      | 7514 ||| Stepping ~*~*~tactically~*~*~ (stealth).
  7565 | D:7      | Noticed a two-headed ogre
  7568 | D:7      | Reached skill level 11 in Axes
  7591 | D:7      | HP: 4/65 [two-headed ogre/+0 giant spiked club (15)]
  7592 | D:7      | 7592 ||| READING 4 scrolls of teleportation.
  7593 | D:7      | Slain by a two-headed ogre

Levels and vault maps discovered:
D:1:      dpeg_arrival_ternary, layout_basic
D:2:      minmay_spotlight, layout_rooms, serial_shops,
          nicolae_shop_hallway_stairs, basic_altar, columned_hall_lemuel,
          cheibrodos_gnoll_hut
D:3:      minmay_door_path, layout_basic, ashenzari_conservatory_becter,
          nicolae_ru_great_annihilating_truth,
          mainiacjoe_overflow_six_doors_small
D:4:      layout_loops_cross
D:5:      layout_rooms, enter_ossuary_1, minmay_holes, minmay_misc_feat_alley,
          minmay_starry_boxes, uniq_menkaure
D:6:      layout_loops_ring, serial_shops, nicolae_shop_bloodbath_and_beyond,
          nicolae_shop_crystal, shop, nicolae_shop_waterfront
D:7:      kennysheep_windowed_halls, layout_gridville,
          mainiacjoe_overflow_alcove_2, mainiacjoe_overflow_surrounded_room,
          minmay_temple_entry_large_hall, minmay_joined_circles,
          uniq_prince_ribbit1
Temple:   nicolae_temple_two_arcs

Skill      XL: |  1  2  3  4  5  6  7  8  9 10 |
---------------+-------------------------------+-----
Axes           | 2 3 4 5 7 9 10 11 | 11.0
Fighting       | 4 5 6 8 |  8.4
Dodging        | 1 2 |  2.3
Shields        | 4 5 |  5.3
Throwing       | 2 |  2.0
Armour         | 5 6 |  6.0

Action                   |  1- 3 |  4- 6 |  7- 9 | 10-12 || total
-------------------------+-------+-------+-------+-------++-------
Melee: War axe           |   104 |   150 |   358 |       ||   612
       Kick              |       |    21 |    87 |    40 ||   148
       Broad axe         |       |       |    33 |   193 ||   226
Throw: Boomerang         |       |    29 |     6 |    19 ||    54
  Use: Scroll            |     3 |     7 |     6 |     1 ||    17
       Potion            |     1 |     6 |     4 |       ||    11
Armor: Scale mail        |    41 |    46 |   158 |       ||   245
       Chain mail        |       |       |    15 |   123 ||   138
Dodge: Dodged            |    52 |    60 |   149 |    88 ||   349
       Repelled          |       |       |     1 |       ||     1
Block: Buckler           |    17 |    27 |    63 |    59 ||   166

Table legend:
 A = Non-vault XP
 B = Vault XP
 C = Vault XP percentage of total XP
 D = Non-vault monster count
 E = Vault monster count
 F = Vault count percentage of total count
                 A         B        C        D         E       F
            +---------+---------+-------+---------+---------+-------
      Total |    4174 |    3589 |  46.2 |     162 |      81 |  33.3
            +---------+---------+-------+---------+---------+-------
        D:1 |      38 |       0 |   0.0 |      15 |       0 |   0.0
        D:2 |      66 |      28 |  29.8 |      23 |       7 |  23.3
        D:3 |     109 |      58 |  34.7 |      26 |       7 |  21.2
        D:4 |     294 |       0 |   0.0 |      19 |       0 |   0.0
        D:5 |    1508 |     329 |  17.9 |      28 |       4 |  12.5
        D:6 |     851 |       0 |   0.0 |      27 |       0 |   0.0
        D:7 |    1308 |    2744 |  67.7 |      24 |      27 |  52.9
    Ossuary |       0 |     430 | 100.0 |       0 |      36 | 100.0
            +---------+---------+-------+---------+---------+-------
